 Dungeon Crawl Stone Soup version 0.18.1-5-g4a78601 (webtiles) character file.

52 jacquesderrida the Poker (level 3, 0/27 HPs)
             Began as a Demonspawn Skald on May 14, 2016.
             Slain by an adder (4 damage)
             ... on level 3 of the Dungeon.
             The game lasted 00:01:34 (1655 turns).

jacquesderrida the Poker (Demonspawn Skald)         Turns: 1655, Time: 00:01:34

Health: 0/27       AC:  4    Str: 12    XL:     3   Next: 60%
Magic:  6/6        EV: 14    Int: 13    God:
Gold:   179        SH:  0    Dex: 13    Spells: 1 memorised, 5 levels left

rFire  . . .     SeeInvis .     a - +0 spear
rCold  . . .     Gourm    .     b - +0 leather armour
rNeg   . . .     Faith    .     (no shield)
rPois  .         Spirit   .     (no helmet)
rElec  .         Dismiss  .     (no cloak)
rCorr  .         Reflect  .     (no gloves)
SustAt +         Harm     .     (no boots)
MR     .....                    (no amulet)
Stlth  +.........               q - ring of sustain attributes
                                e - +3 ring of evasion

@: lethally poisoned (0 -> -12), not resistant to hostile enchantments, very
unstealthy
A: molten scales 1
a: no special abilities


You were on level 3 of the Dungeon.
You were not hungry.

You visited 1 branch of the dungeon, and saw 3 of its levels.

You collected 179 gold pieces.

Inventory:

Hand Weapons
 a - a +0 spear (weapon)
Armour
 b - a +0 leather armour (worn)
Jewellery
 e - a +3 ring of evasion (left hand)
 q - a ring of sustain attributes (right hand)
Wands
 p - a wand of iceblast (3/15)
Scrolls
 f - a scroll of immolation {unknown}
 i - a scroll of amnesia {unknown}
 m - a scroll of magic mapping {unknown}
 n - 2 scrolls of teleportation {unknown}
 o - a scroll of random uselessness {unknown}
 r - 2 scrolls of remove curse {unknown}
Potions
 h - a potion of flight {unknown}
 j - a potion of berserk rage {unknown}
 k - 3 potions of curing {unknown}
 l - 3 potions of heal wounds {unknown}
 t - 2 potions of cure mutation {unknown}
Books
 c - a book of Battle

   Spells                             Type                      Level
   a - Infusion                       Charms                       1
   b - Shroud of Golubria             Charms/Translocation         2
   c - Song of Slaying                Charms                       2
   d - Spectral Weapon                Hexes/Charms                 3
   e - Regeneration                   Charms/Necromancy            3
Comestibles
 d - 3 bread rations
 g - 2 slices of pizza
 s - a meat ration


   Skills:
 - Level 2.0 Fighting
 + Level 3.6 Polearms
 - Level 0.8 Armour
 - Level 0.8 Dodging
 - Level 2.0 Spellcasting
 - Level 2.6 Charms


You had 5 spell levels left.
You knew the following spells:

 Your Spells              Type           Power        Failure   Level  Hunger
a - Infusion              Chrm           #...         12%         1    ##.....


Dungeon Overview and Level Annotations

Branches:
Dungeon (3/15)

Altars:


Innate Abilities, Weirdness & Mutations

You are partially covered in molten scales (AC +1).


Message History

The jackal closely misses you.
You hit the adder.
The adder is lightly wounded.
You feel sick. The jackal misses you. The adder bites you.
* * * LOW HITPOINT WARNING * * *
You are more poisoned.
The adder poisons you! The adder barely misses you.
The jackal barely misses you.
The jackal bites you but does no damage.
You barely miss the adder.
The adder is lightly wounded.
* * * LOW HITPOINT WARNING * * *
You feel sick. The adder misses you. The jackal closely misses you.
The adder barely misses you. The jackal bites you.
* * * LOW HITPOINT WARNING * * *
The adder closely misses you.
You hit the adder.
The adder is moderately wounded.
The jackal misses you. The adder bites you.
You die...

.....................##
#.###................#
#.....############
#...†.# #.....# #..##.#
#..# .# #.#..##h#.#.#.
#....S@h......
##.#.##S...... #...#
....... .....# .......
.......# ....>..
......># .......
........ .......
....... .#.#.#.


You could see 2 adders and 2 jackals.

Vanquished Creatures
  An adder (D:3)
  A worm (D:2)
  A dart slug (D:1)
  A giant gecko (D:1)
  2 orcs (D:3)
  3 ball pythons (D:1)
  4 bats
  3 giant cockroaches
  3 goblins
  6 kobolds
  A quokka (D:3)
  2 giant newts (D:2)
  6 rats
34 creatures vanquished.

Notes
Turn   | Place    | Note
--------------------------------------------------------------
     0 | D:1      | jacquesderrida the Demonspawn Skald began the quest for the Orb.
     0 | D:1      | Reached XP level 1. HP: 16/16 MP: 3/3
   169 | D:1      | Reached skill level 2 in Polearms
   461 | D:1      | Gained mutation: You are partially covered in molten scales (AC +1). [demonic ancestry]
   461 | D:1      | Reached XP level 2. HP: 22/22 MP: 5/5
   854 | D:2      | Reached skill level 3 in Polearms
  1238 | D:2      | Reached XP level 3. HP: 25/27 MP: 6/6
  1655 | D:3      | Slain by an adder

Skill      XL: |  1  2 |
---------------+-------+-----
Polearms       | 2 3 |  3.6
Fighting       | |  2.0
Armour         | |  0.8
Dodging        | |  0.8
Spellcasting   | |  2.0
Charms         | |  2.6

Action                   || total
-------------------------++-------
Melee: Spear             ||   151
  Eat: Chunk             ||     2
Armor: Leather armour    ||    31
Dodge: Dodged            ||    97
